 Dungeon Crawl Stone Soup version 0.22-a0-274-gf8199ec (webtiles) character file.

10424 Amnesiac the Fighter (level 11, 0/69 HPs)
             Began as a Deep Elf Wizard on Mar 14, 2018.
             Was a Priest of Sif Muna.
             Slain by an unseen horror (4 damage)
             ... on level 10 of the Dungeon.
             The game lasted 00:24:40 (12409 turns).

Amnesiac the Fighter (Deep Elf Wizard)             Turns: 12409, Time: 00:24:41

Health: 0/69       AC: 10    Str:  4    XL:     11   Next: 36%
Magic:  3/25       EV: 15    Int: 27    God:    Sif Muna [***...]
Gold:   728        SH:  0    Dex: 13    Spells: 11/26 levels left

rFire    + + .     SeeInvis .   C - +6 rapier (elec)
rCold    . . .     Gourm    .   (no shield)
rNeg     . . .     Faith    .   x - +3 leather armour {rF+}
rPois    .         Spirit   .   A - +0 hat
rElec    .         Reflect  .   L - +2 cloak {+Inv}
rCorr    .         Harm     .   (no gloves)
MR       +....                  B - +0 pair of boots
Stlth    ++........             (no amulet)
HPRegen  0.21/turn              o - ring of protection from fire
MPRegen  0.19/turn              I - ring of wizardry

@: divine energy
A: no striking features
a: Stop Divine Energy, Channel Magic, Renounce Religion, Evoke Invisibility


You were on level 10 of the Dungeon.
You worshipped Sif Muna.
Sif Muna was most pleased with you.
You were hungry.

You visited 2 branches of the dungeon, and saw 12 of its levels.
You also visited: Ossuary.

You collected 728 gold pieces.

Inventory:

Hand Weapons
 a - a +1 dagger of draining
 b - a +0 blowgun
 C - a +6 rapier of electrocution (weapon)
 J - the +5 long sword of Hubris {holy, +Fly rElec rPois MR+, unknown}
   (You found it on level 8 of the Dungeon)

   It has been blessed by the Shining One to cause great damage to the undead
   and demons.
   It insulates you from electricity.
   It protects you from poison.
   It affects your resistance to hostile enchantments.
   It lets you fly.
Missiles
 s - 5 needles of sleeping
 y - 67 poisoned needles
 U - 2 throwing nets (quivered)
Armour
 x - a +3 leather armour of fire resistance (worn)
 A - a +0 hat (worn)
 B - a +0 pair of boots (worn)
 D - a +3 leather armour of poison resistance
 L - a +2 cloak of invisibility (worn)
 P - a +0 pair of gloves
 R - a +0 buckler
Jewellery
 i - an uncursed ring of see invisible {unknown}
 o - a ring of protection from fire (left hand)
 z - an uncursed ring of poison resistance
 I - a ring of wizardry (right hand)
Wands
 p - a wand of iceblast (5)
 r - a wand of digging (43)
 v - a wand of acid (15)
 w - a wand of disintegration (20)
 H - a wand of paralysis (9)
 M - a wand of enslavement (6)
 N - a wand of flame (33)
Scrolls
 f - 6 scrolls of teleportation {!r}
 h - 2 scrolls of amnesia {!r}
 m - 7 scrolls of remove curse {!r}
 E - a scroll of enchant armour {!r}
 F - 2 scrolls of magic mapping {!r}
 G - 2 scrolls of blinking {!r}
 K - 2 scrolls of identify {!r}
Potions
 c - 4 potions of heal wounds {!q}
 d - a potion of magic {!q}
 e - 5 potions of lignification {!q}
 g - a potion of haste {!q}
 j - 6 potions of curing {!q}
 k - 4 potions of brilliance {!q}
 n - 2 potions of invisibility {!q}
 q - a potion of cancellation {!q}
 t - 5 potions of mutation {!q}
 u - 2 potions of flight {!q}
 O - a potion of berserk rage {!q, unknown}
 T - a potion of resistance {!q}
Comestibles
 l - 20 rations
 S - 2 chunks of flesh


   Skills:
 - Level 8.5 Fighting
 - Level 8.5 Dodging
 - Level 2.4 Stealth
 - Level 8.0 Spellcasting
 - Level 8.0 Conjurations
 - Level 1.1 Summonings
 - Level 8.0 Translocations
 + Level 7.3 Invocations


You had 11 spell levels left.
You knew the following spells:

 Your Spells              Type           Power        Failure   Level  Hunger
a - Force Lance           Conj/Tloc      ######..     1%          4    ##.....
b - Call Imp              Summ           ###.....     3%          2    None
d - Magic Dart            Conj           ####         1%          1    None
e - Mephitic Cloud        Conj/Pois/Air  ####....     4%          3    None
s - Conjure Flame         Conj/Fire      ####....     2%          3    None
v - Blink                 Tloc           N/A          1%          2    None


Dungeon Overview and Level Annotations

Branches:
Dungeon (11/15)            Temple (1/1) D:7            Lair (0/6) D:9
    Orc: D:9-12

Altars:
Ashenzari
Cheibriados
Dithmenos
Elyvilon
Fedhas
Gozag
Hepliaklqana
Kikubaaqudgha
Makhleb
Nemelex Xobeh
Okawaru
Qazlal
Ru
Sif Muna
Trog
Uskayaw
Vehumet
Wu Jian
Xom
Yredelemnul
Zin
The Shining One

Shops:
D:7 (


Message History

Something hits you but does no damage.
Unknown command.
Something hits you but does no damage. The adder closely misses you.
Something hits you. The hungry ghost barely misses you.
A komodo dragon comes into view.
Something hits you but does no damage. The hornet closely misses you.
Something hits you.
* * * LOW HITPOINT WARNING * * *
The hornet stings you but does no damage.
Something hits you.
* * * LOW HITPOINT WARNING * * *
There is a stone staircase leading up here.
Something hits you but does no damage. The hornet barely misses you.
Something barely misses you.
You climb upwards.
There is a stone staircase leading down here.
Casting: Force Lance (safe; 1% risk of failure)
Confirm with . or Enter, or press ? or * to list all spells.
Aiming: Force Lance (safe; 1% risk of failure)
Press: ? - help, Shift-Dir - straight line, f - hornet
Aim: a hornet The lance of force hits the hornet.
The hornet barely misses you. Something hits you.
* * * LOW HITPOINT WARNING * * *
The hornet stings you!
* * * LOW HITPOINT WARNING * * *
You feel yourself slow down.
Casting: Force Lance (safe; 1% risk of failure)
Confirm with . or Enter, or press ? or * to list all spells.
Aiming: Force Lance (safe; 1% risk of failure)
Press: ? - help, Shift-Dir - straight line, f/p - hornet
Aim: a hornet The lance of force hits the hornet.
The hornet is moderately wounded.
The hornet is knocked back by the lance of force.
The hornet slams into the rock wall!
Something hits you.
* * * LOW HITPOINT WARNING * * *
The hornet stings you.
* * * LOW HITPOINT WARNING * * *
You feel as though you will be slow longer.
The hornet closely misses you.
Casting: Force Lance (safe; 1% risk of failure)
Confirm with . or Enter, or press ? or * to list all spells.
You blink.
Sif Muna grants you divine energy.
You briefly lose access to your magic!
Really read
Q - 2 scrolls labeled MITYEFO PADA {!r}?
As you read the scroll labeled MITYEFO PADA {!r}, it crumbles to dust.
You assume a fearsome visage.
The hornet looks frightened!
It was a scroll of fear {!r}.
You regain access to your magic.
You feel yourself speed up.
Cornered, the hornet turns to fight!
You see here a giant spiked club.
Something barely misses you.
There is an open door here.
Something is blocking the doorway!
Something hits you.
* * * LOW HITPOINT WARNING * * *
Something hits you.
* * * LOW HITPOINT WARNING * * *
Really read
Q - a scroll of fear {!r}?
As you read the scroll of fear {!r}, it crumbles to dust.
You assume a fearsome visage.
The hornet looks frightened!
Something hits you.
You die...

#..# #......(...#
#.## #..........#
..#######..........#
.#......'..........#
...######.......y..#
.### #.......)..# .#
#..........# .#
########'### .# #@#
.# #.# .# #.# +###
##.# ...# #..# ...#
#.## ...# #.# .>.#
###.# ...# #...#


You could see a hornet (fleeing).

Vanquished Creatures
  The ghost of varam the Grappler, a novice TrMo of Okawaru (D:8)
  Erica (D:8)
  2 two-headed ogres
  An elephant (D:9)
  Maurice (D:8)
  A gargoyle (D:10)
  2 hippogriffs (D:8)
  Grinder (D:3)
  Sigmund (D:2)
  A spriggan (D:10)
  2 yaks
  2 wyverns
  A basilisk (D:9)
  Eustachio (D:6)
  A hungry ghost (D:10)
  2 ice beasts
  2 orc warriors
  2 sky beasts
  2 phantoms
  A black bear (D:6)
  An eye of draining (D:10)
  A necrophage (D:6)
  7 ogres
  2 centaurs
  A crocodile (D:9)
  7 bullfrogs
  A wyvern zombie (D:9)
  A gnoll sergeant (D:3)
  A wyvern skeleton (D:6)
  3 scorpions
  8 killer bees
  5 howler monkeys (D:10)
  4 wights (D:10)
  2 crimson imps (D:6)
  2 bullfrog zombies
  5 hounds
  2 jellies
  3 orc priests
  2 centaur skeletons
  2 iguanas
  Ijyb (D:4)
  10 orc wizards
  11 worker ants
  4 big kobold zombies (Ossuary)
  2 hound skeletons
  4 mummies (Ossuary)
  A worker ant zombie (D:6)
  11 gnolls
  15 adders
  3 shadow imps
  An ooze (D:1)
  2 adder skeletons (D:6)
  An adder zombie (D:8)
  3 worms
  2 dart slugs
  8 leopard geckos
  42 orcs
  7 bats
  7 giant cockroaches
  A gnoll zombie (Ossuary)
  11 goblins
  16 hobgoblins
  6 jackals
  13 kobolds
  3 quokkas
  2 ball pythons
  3 frilled lizards (D:3)
  2 goblin zombies (Ossuary)
  A hobgoblin zombie (Ossuary)
  2 leopard gecko skeletons
  6 rats
289 creatures vanquished.

Vanquished Creatures (collateral kills)
  A gnoll (D:3)
1 creature vanquished.

Grand Total: 290 creatures vanquished

Notes
Turn   | Place    | Note
-------+----------+-------------------------------------------
     0 | D:1      | Amnesiac the Deep Elf Wizard began the quest for the Orb.
     0 | D:1      | Reached XP level 1. HP: 10/10 MP: 7/7
   151 | D:1      | Reached XP level 2. HP: 15/15 MP: 6/9
   155 | D:1      | Learned a level 2 spell: Blink
   158 | D:1      | Learned a level 2 spell: Call Imp
   747 | D:1      | Reached XP level 3. HP: 19/19 MP: 6/11
   860 | D:2      | Found a white marble altar of Elyvilon.
  1084 | D:2      | Noticed Sigmund
  1092 | D:2      | Learned a level 3 spell: Mephitic Cloud
  1096 | D:2      | Learned a level 3 spell: Conjure Flame
  1295 | D:2      | Found a sacrificial altar of Ru.
  1295 | D:2      | Found a basalt altar of Yredelemnul.
  1370 | D:2      | Reached XP level 4. HP: 24/24 MP: 7/12
  1483 | D:2      | Reached skill level 1 in Fighting
  1577 | D:2      | Found an opulent altar of Gozag.
  1600 | D:2      | Killed Sigmund
  1600 | D:2      | Reached XP level 5. HP: 32/32 MP: 2/13
  1600 | D:2      | Reached XP level 6. HP: 37/37 MP: 2/14
  2118 | D:2      | Found a snail-covered altar of Cheibriados.
  2512 | D:3      | Noticed Grinder
  2512 | D:3      | Paralysed by Grinder for 2 turns
  2544 | D:3      | Killed Grinder
  2603 | D:3      | Reached XP level 7. HP: 41/43 MP: 10/15
  2702 | D:3      | HP: 2/44 [poisoned by a gnoll sergeant]
  2710 | D:3      | HP: 1/44 [poisoned by a gnoll sergeant]
  3459 | D:4      | Found an ancient bone altar of Kikubaaqudgha.
  3465 | D:4      | Found a blossoming altar of Fedhas.
  3569 | D:4      | Reached skill level 5 in Fighting
  3569 | D:4      | Reached skill level 5 in Dodging
  4069 | D:4      | Reached XP level 8. HP: 44/51 MP: 5/16
  4169 | D:4      | Noticed Ijyb
  4193 | D:4      | Killed Ijyb
  4310 | D:4      | Found a burning altar of Makhleb.
  4427 | D:5      | Entered Level 5 of the Dungeon
  4468 | D:5      | Found a glowing golden altar of the Shining One.
  4810 | D:5      | Found a sparkling altar of Nemelex Xobeh.
  5762 | D:6      | Noticed Eustachio
  5793 | D:6      | Killed Eustachio
  6067 | D:6      | Reached XP level 9. HP: 57/58 MP: 8/17
  6618 | D:6      | Found a glowing silver altar of Zin.
  6708 | D:7      | Found a hide-covered altar of Uskayaw.
  6711 | D:7      | Noticed a dagger
  6712 | D:7      | Noticed a dagger
  6739 | D:7      | Learned a level 4 spell: Force Lance
  7087 | D:7      | Found a staircase to the Ecumenical Temple.
  7096 | Temple   | Entered the Ecumenical Temple
  7145 | Temple   | Became a worshipper of Sif Muna the Loreminder
  7242 | D:7      | Reached skill level 5 in Spellcasting
  7247 | D:7      | Found a sand-covered staircase.
  7267 | Ossuary  | Entered an ossuary
  7550 | Ossuary  | Reached skill level 5 in Conjurations
  7721 | D:7      | Found Yroz's Weapon Shop.
  7908 | D:8      | Noticed varam's ghost (novice TrMo)
  7957 | D:8      | Killed varam's ghost
  7957 | D:8      | Reached * piety under Sif Muna
  7957 | D:8      | Reached skill level 5 in Translocations
  8436 | D:8      | Got a slimy long sword
  8595 | D:8      | Noticed Maurice
  8596 | D:8      | Noticed Erica
  8604 | D:8      | Killed Erica
  8604 | D:8      | Reached XP level 10. HP: 62/65 MP: 12/20
  8625 | D:8      | Noticed a two-headed ogre
  8629 | D:8      | Killed Maurice
  8641 | D:8      | Killed a two-headed ogre
  8641 | D:8      | Reached ** piety under Sif Muna
  9031 | D:8      | Found a stormy altar of Qazlal.
  9890 | D:9      | Found a staircase to the Lair.
  9927 | D:9      | Noticed an elephant
  9950 | D:9      | Killed an elephant
 10183 | D:9      | Reached *** piety under Sif Muna
 10471 | D:9      | Reached skill level 1 in Invocations
 10771 | D:10     | Entered Level 10 of the Dungeon
 11048 | D:10     | Reached XP level 11. HP: 66/69 MP: 16/25
 11281 | D:10     | Noticed a two-headed ogre
 11297 | D:10     | Killed a two-headed ogre
 11450 | D:10     | Reached skill level 5 in Invocations
 12409 | D:10     | Slain by an unseen horror

Vault maps used:
D:1:      evilmike_arrival_crescent, serial_bayou_crossing
D:2:      overflow_temple_1_default, elyvilon_altar_5,
          gammafunk_temple_overflow_elements, grunt_gozag_breadcrumbs,
          uniq_sigmund
D:3:      serial_glass, glass_columns_a, glass_columns_b, uniq_grinder
D:4:      grunt_temple_overflow_growth_and_decay, makhleb_blood_cavern_becter,
          first_ration, uniq_ijyb
D:5:      corexii_shantytown, nemelex_xobeh_ov_fountains_minmay,
          lemuel_crystal_altar
D:6:      cheibrodos_barr_body, zin_treasury, feat_on_display, uniq_eustachio
D:7:      dancing_weapons_uskayaw, temple_hall, serial_shops,
          nicolae_shop_waterfront, chequers_ossuary_entry_cave
D:8:      basic_altar, uniq_erica, uniq_maurice
D:9:      david_lair_generic
D:10:     grunt_pizzeria
D:11:     erik_orc_3, serial_shops, nicolae_shop_behind_doors
Temple:   minmay_temple_curvy_loop
Ossuary:  ossuary_crypta

Skill      XL: |  1  2  3  4  5  6  7  8  9 10 11 |
---------------+----------------------------------+-----
Conjurations   | 2 3 4 6 8 |  8.0
Fighting       | 3 4 5 7 8 |  8.5
Dodging        | 4 5 7 8 |  8.5
Spellcasting   | 5 8 |  8.0
Translocations | 6 8 |  8.0
Invocations    | 3 7 |  7.3
Stealth        | |  2.4
Summonings     | |  1.1

Action                   |  1- 3 |  4- 6 |  7- 9 | 10-12 || total
-------------------------+-------+-------+-------+-------++-------
Melee: Halberd           |       |    42 |       |       ||    42
       Dagger            |       |    16 |   204 |       ||   220
       Rapier            |       |       |   138 |    64 ||   202
 Cast: Magic Dart        |    76 |    36 |   234 |    20 ||   366
       Mephitic Cloud    |       |     4 |    16 |     2 ||    22
       Conjure Flame     |       |     2 |    25 |     1 ||    28
       Call Imp          |       |       |     1 |       ||     1
       Force Lance       |       |       |     5 |   135 ||   140
       Blink             |       |       |     5 |     1 ||     6
Invok: Divine Energy     |       |       |     1 |       ||     1
Evoke: Wand              |       |       |     4 |       ||     4
  Use: Scroll            |       |       |    15 |     6 ||    21
       Potion            |       |       |     1 |       ||     1
 Stab: Confused          |       |     4 |     8 |     3 ||    15
       Sleeping          |       |     1 |    11 |     1 ||    13
  Eat: Chunk             |     1 |     2 |    20 |    18 ||    41
       Ration            |       |     2 |       |       ||     2
Armor: Robe              |     2 |     9 |    19 |       ||    30
       Leather armour    |       |       |    41 |    36 ||    77
Dodge: Dodged            |     5 |    42 |   248 |    82 ||   377

Table legend:
 A = Spawn XP
 B = Non-spawn XP
 C = Spawn XP percentage of total XP
 D = Spawn monster count
 E = Non-spawn monster count
 F = Spawn count percentage of total count
 G = Total turns spent on level
                    A         B        C        D         E        F      G
               +---------+---------+-------+---------+---------+-------+---------
         Total |       0 |   14892 |   0.0 |       0 |     290 |   0.0 | 12409
               +---------+---------+-------+---------+---------+-------+---------
           D:1 |       0 |      42 |   0.0 |       0 |      20 |   0.0 |   860
           D:2 |       0 |     363 |   0.0 |       0 |      25 |   0.0 |  1452
           D:3 |       0 |     495 |   0.0 |       0 |      34 |   0.0 |  1110
           D:4 |       0 |     747 |   0.0 |       0 |      22 |   0.0 |  1005
           D:5 |       0 |     565 |   0.0 |       0 |      42 |   0.0 |  1227
           D:6 |       0 |    1349 |   0.0 |       0 |      33 |   0.0 |  1021
           D:7 |       0 |     462 |   0.0 |       0 |      14 |   0.0 |   741
           D:8 |       0 |    4339 |   0.0 |       0 |      27 |   0.0 |  1813
           D:9 |       0 |    1870 |   0.0 |       0 |      17 |   0.0 |  1112
          D:10 |       0 |    3855 |   0.0 |       0 |      33 |   0.0 |  1460
          D:11 |       0 |     626 |   0.0 |       0 |      11 |   0.0 |   178
       Ossuary |       0 |     179 |   0.0 |       0 |      12 |   0.0 |   331
               +---------+---------+-------+---------+---------+-------+---------
